 Dungeon Crawl Stone Soup version 0.17-a0-1738-g82cdc46 (webtiles) character file.

147 kae the Insei (level 5, 39/41 HPs)
             Began as a Demonspawn Monk on Aug 30, 2015.
             Quit the game on level 3 of the Dungeon.
             The game lasted 00:01:39 (2136 turns).

kae the Insei (Demonspawn Monk)                     Turns: 2136, Time: 00:01:39

Health: 39/41      AC:  4    Str: 12    XL:     5   Next: 7%
Magic:  5/5        EV: 13    Int: 11    God:
Gold:   169        SH:  2    Dex: 16    Spells: 0 memorised, 4 levels left

rFire  . . .     SeeInvis .       - Unarmed
rCold  . . .     Clarity  .     a - +0 robe
rNeg   . . .     SustAt   .     (no shield)
rPois  .         Gourm    .     (helmet restricted)
rElec  .         Spirit   .     (no cloak)
rCorr  .         Warding  .     (no gloves)
rMut   .         Stasis   .     (no boots)
MR     .....                    (no amulet)
Stlth  ++........               (no ring)
                                (no ring)

@: drained, not resistant to hostile enchantments, unstealthy
A: antennae 1, large bone plates 1, demonic guardian 1
a: no special abilities


You were on level 3 of the Dungeon.
You were not hungry.

You visited 1 branch of the dungeon, and saw 3 of its levels.

You collected 169 gold pieces.

Inventory:

Armour
 a - a +0 robe (worn)
Jewellery
 k - an uncursed ring of protection from cold {unknown}
 n - an uncursed amulet of resist corrosion {unknown}
 p - an uncursed amulet of regeneration {unknown}
 t - an uncursed amulet of clarity {unknown}
Magical devices
 q - a wand of lightning (7)
Scrolls
 c - a scroll of teleportation {unknown}
 f - 2 scrolls of identify {unknown}
 h - a scroll of remove curse {unknown}
 j - 3 scrolls of fear {unknown}
 l - 2 scrolls of noise {unknown}
 m - a scroll of amnesia {unknown}
Potions
 e - 2 potions of brilliance {unknown}
 g - a potion of flight {unknown}
 o - a potion of cure mutation {unknown}
Comestibles
 b - 2 bread rations
 d - 3 meat rations
 i - 2 fruits
 r - a chunk of flesh
 s - a beef jerky


   Skills:
 - Level 3.0(2.7) Fighting
 - Level 2.6(2.4) Dodging
 - Level 1.7(1.4) Stealth
 + Level 5.8(5.5) Unarmed Combat


You had 4 spell levels left.
You didn't know any spells.

Dungeon Overview and Level Annotations

Branches:
Dungeon (3/15)

Altars:
Kikubaaqudgha
Ru
Vehumet


Innate Abilities, Weirdness & Mutations

You have a pair of small antennae on your head.
You are partially covered in large bone plates (AC +2, SH +2).
A weak demonic guardian rushes to your aid.


Message History

A hobgoblin is nearby!
You closely miss the hobgoblin.
The hobgoblin hits you but does no damage.
You punch the hobgoblin!
You kill the hobgoblin!
You now have 169 gold pieces (gained 13).
A bat comes into view.
Found a stone staircase leading down.
A bat is nearby!
The bat barely misses you. The bat misses you.
The bat hits you but does no damage.
A bat is nearby!
The bat barely misses you.
You barely miss the bat. The bat hits you.
A bat is nearby!
The bat barely misses you. The bat closely misses you. The bat hits you.
You closely miss the bat. The bat hits you but does no damage.
A bat is nearby!
Unknown command.
Are you sure you want to abandon this character and quit the game? (Confirm with "yes".)

##+# #... ###### #...
#....# #...
###....#### #...####
#.'....'.†.
#......####.#....####
#.b......##.#....# #
#...@....##.#....# #
#........##.#########
#........##..........
#...#....†.....######
#.>.+................
#####..........######
#..........# #
#..........# #
#..........# #


You could see a bat.

Vanquished Creatures
  Robin (D:3)
  4 adders
  2 oozes
  2 worms (D:2)
  A giant gecko (D:1)
  11 bats
  14 hobgoblins
  3 jackals (D:3)
  12 kobolds
  A quokka (D:2)
  A ball python (D:1)
  2 giant newts (D:1)
  14 goblins
  13 rats
81 creatures vanquished.

Notes
Turn   | Place    | Note
--------------------------------------------------------------
     0 | D:1      | kae the Demonspawn Monk began the quest for the Orb.
     0 | D:1      | Reached XP level 1. HP: 18/18 MP: 1/1
    54 | D:1      | Reached skill level 4 in Unarmed Combat
    55 | D:1      | Gained mutation: A weak demonic guardian rushes to your aid. [demonic ancestry]
    55 | D:1      | Reached XP level 2. HP: 5/24 MP: 2/2
   526 | D:1      | Gained mutation: You are partially covered in large bone plates (AC +2, SH +2). [demonic ancestry]
   526 | D:1      | Reached XP level 3. HP: 15/29 MP: 3/3
  1022 | D:2      | Reached skill level 5 in Unarmed Combat
  1105 | D:2      | Found a radiant altar of Vehumet.
  1105 | D:2      | Found a sacrificial altar of Ru.
  1169 | D:2      | Gained mutation: You have a pair of small antennae on your head. [demonic ancestry]
  1169 | D:2      | Reached XP level 4. HP: 28/35 MP: 4/4
  1186 | D:2      | Found an ancient bone altar of Kikubaaqudgha.
  1853 | D:3      | Noticed Robin
  1862 | D:3      | Killed Robin
  1937 | D:3      | Reached XP level 5. HP: 30/41 MP: 5/5
  2136 | D:3      | Quit the game

Vault maps used:
D:1:      dpeg_arrival_erosion
D:2:      kiku_gazebo_garden_becter, amethyst_overflow_temple_binary
D:3:      uniq_robin

Action                   |  1- 3 |  4- 6 || total
-------------------------+-------+-------++-------
Melee: Unarmed           |   120 |   121 ||   241
 Stab: Sleeping          |     2 |     7 ||     9
       Distracted        |       |     1 ||     1
  Eat: Chunk             |       |     4 ||     4
